AoeStats
← r998

Oasis

507372562Analyzed
2v2 RM · 29d ago on Sep 17, 2026· 36m 20s· 4 players
Game mode
Random Map
Map size
Medium (4 player)
Population
200
Speed
Normal
Resources
Standard
Victory
Conquest
Starting age
Dark Age
Ending age
Imperial Age
RankedLock teamsTeams togetherTeam positionsShared explorationLock speedFull tech treeHidden civsTurbo modeCheats
Victory
Defeat
🇺🇸 Ethiopians · United States
1029
+14
🇺🇸 Huns · United States
1014
+14
vs
🇨🇱 Slavs · Chile
1002
-42
🇦🇷 Franks · Argentina
953
-13
villagers-problems
3:59 Loom
11:03 Feudal Age
12:40 Wheelbarrow
11:52 Double-Bit Axe
12:00 Gold Mining
19:45 Castle Age
19:27 Stone Mining
20:23 Forging
20:18 Scale Barding Armor
20:51 Hand Cart
20:47 Bow Saw
21:13 Gold Shaft Mining
24:04 Husbandry
27:51 Iron Casting
30:23 Scale Mail Armor
30:43 Chain Barding Armor
34:04 Chain Barding Armor
33:35 Fletching
33:45 Padded Archer Armor
33:32 Crossbowman
r998
0:59 Loom
12:59 Feudal Age
14:09 Double-Bit Axe
TurboCesar
8:15 Loom
10:28 Feudal Age
11:39 Double-Bit Axe
17:24 Scale Barding Armor
17:33 Bloodlines
21:21 Castle Age
19:57 Horse Collar
20:53 Forging
22:59 Wheelbarrow
27:56 Chain Barding Armor
28:12 Iron Casting
27:43 Husbandry
28:13 Hand Cart
38:29 Imperial Age
007
7:38 Loom
10:10 Feudal Age
11:13 Double-Bit Axe
13:42 Horse Collar
14:15 Fletching
23:36 Castle Age
23:22 Wheelbarrow
22:51 Padded Archer Armor
23:42 Crossbowman
24:26 Squires
24:27 Bodkin Arrow
25:02 Bow Saw
24:52 Heavy Plow
25:10 Leather Archer Armor
24:56 Scale Mail Armor
25:13 Thumb Ring
29:26 Chain Mail Armor
29:22 Forging
29:29 Leather Archer Armor
30:21 Hand Cart
29:52 Town Watch
33:51 Gold Mining
33:52 Stone Mining
Connection lost

Rejoining the realm…

Still unreachable

The connection could not be restored.

Session expired

The server has moved on; the page needs a fresh start.